 Dungeon Crawl Stone Soup version 0.30.0-29-ga12c61a403 (webtiles) character file.

Game seed: 7979951217753981307

35 Cheops the Digger (level 3, 0/27 HPs)
             Began as an Armataur Earth Elementalist on June 15, 2023.
             Slain by a scorpion (2 damage)
             ... on level 3 of the Dungeon.
             The game lasted 00:11:57 (1243 turns).

Cheops the Digger (Armataur Earth Elementalist)     Turns: 1243, Time: 00:11:57

Health: 0/27       AC:  4    Str: 13    XL:     3   Next: 16%
Magic:  0/6        EV:  9    Int: 17    God:
Gold:   117        SH:  0    Dex: 10    Spells: 0/6 levels left

rFire   . . .        d - +0 dagger
rCold   . . .        (no shield)
rNeg    . . .        a - +0 robe
rPois   .            (no helmet)
rElec   .            (no cloak)
rCorr   .            (no gloves)
SInv    .            (no barding)
Will    .....        (no amulet)
Stlth   ++           (no ring)
HPRegen 0.24/turn    (no ring)
MPRegen 0.10/turn

%: roll
@: lethally poisoned (0 -> -15)
A: large, rugged brown scales 3, deformed body, armoured tail, roll, long
tongue, awkward tongue
a: no special abilities


You were on level 3 of the Dungeon.
You visited 1 branch of the dungeon, and saw 3 of its levels.

You collected 117 gold pieces.

Inventory:

Hand Weapons
 d - a +0 dagger (weapon)
Armour
 a - a +0 robe (worn)
Scrolls
 c - 2 scrolls of immolation {unknown}
 f - a scroll of magic mapping {unknown}
 h - a scroll of vulnerability {unknown}
 k - a scroll of teleportation {unknown}
Potions
 b - a potion of magic
 e - a potion of mutation {unknown}
 g - a potion of resistance {unknown}
 i - 5 potions of heal wounds {unknown}
 j - 2 potions of lignification {unknown}
 l - a potion of might {unknown}
 m - a potion of attraction {unknown}


   Skills:
 - Level 1.3 Dodging
 + Level 3.0 Stealth
 - Level 2.0 Spellcasting
 - Level 0.8 Transmutations
 * Level 3.4 Earth Magic


You couldn't memorise any spells.
You knew the following spells:

 Your Spells              Type           Power      Damage    Failure   Level
a - Sandblast             Erth           26%        2d8       4%          1
b - Stone Arrow           Conj/Erth      14%        3d7       28%         3
P - Passwall              Tmut/Erth      7%         N/A       12%         2

Your spell library contained the following spells:

 Spells                   Type           Power      Damage    Failure   Level
 Scorch                   Fire           2%         2d5       28%         2
 Call Canine Familiar     Summ           1%         N/A       50%         3
 Portal Projectile        Hex/Tloc       2%         N/A       50%         3
 Petrify                  Tmut/Erth      9%         N/A       63%         4
 Leda's Liquefaction      Hex/Erth       3%         N/A       67%         4
 Flame Wave               Conj/Fire      1%         2d4       88%         4
 Summon Cactus Giant      Summ           0%         N/A       100%        6


Dungeon Overview and Level Annotations

Branches:
Dungeon (3/15)

Altars:

Shops:
D:2 (   D:3 *

Annotations:
D:2 Terence


Innate Abilities, Weirdness & Mutations

You are completely covered in rugged brown scales. (AC +3, +7% HP)
Armour fits poorly on your strangely shaped body.
You have a long armoured tail.
You roll when moving toward enemies. (Rampage)
Your long tongue fully drains potion bottles. (2x potion effects)
Your tongue gives you trouble enunciating. (1.5x scroll delay)


Message History

Casting: Sandblast (safe; 4% risk of failure)
Confirm with . or Enter, or press ? or * to list all spells.
You don't have enough magic to cast this spell.
You barely miss the scorpion.
The scorpion is heavily wounded.
The scorpion barely misses you.
Casting: Sandblast (safe; 4% risk of failure)
Confirm with . or Enter, or press ? or * to list all spells.
You don't have enough magic to cast this spell.
You hit the scorpion but do no damage.
The scorpion is heavily wounded.
The scorpion completely misses you.
Casting: Sandblast (safe; 4% risk of failure)
Confirm with . or Enter, or press ? or * to list all spells.
You don't have enough magic to cast this spell.
You hit the scorpion but do no damage.
The scorpion is heavily wounded.
The scorpion stings you.
* * * LOW HITPOINT WARNING * * *
You are lethally poisoned!
The scorpion poisons you!
Casting: Sandblast (safe; 4% risk of failure)
Confirm with . or Enter, or press ? or * to list all spells.
You don't have enough magic to cast this spell.
You closely miss the scorpion. You tail-slap the scorpion.
The scorpion is heavily wounded.
* * * LOW HITPOINT WARNING * * *
You feel very sick. The scorpion barely misses you.
Casting: Sandblast (safe; 4% risk of failure)
Confirm with . or Enter, or press ? or * to list all spells.
You don't have enough magic to cast this spell.
You hit the scorpion.
Your tail-slap misses the scorpion.
The scorpion is severely wounded.
* * * LOW HITPOINT WARNING * * *
You feel sick. The scorpion stings you.
* * * LOW HITPOINT WARNING * * *
You are more poisoned.
The scorpion poisons you! The scorpion stings you.
You die...

...∩.∩# ......##.##..# ###...###
##.#. ...###..#.#..#
...∩.∩..####.... ... #.....#
................ #..####....#
#.......##.##... #........##
........##)##...# ####......#
#....).....##...## ####....#.##
#......##..###...####...........
...............s@................
#......#....##...####............
#........##.##.#.................
......<........#.###.............
.......#####...#.. #............#
...##### ##.†.#. ....#..####..
... ...)..###..##.# .# #.
###.....##..# .# #..#......# $


You could see a scorpion.

Vanquished Creatures
  An adder (D:2)
  4 bats (D:1)
  4 giant cockroaches
  3 goblins
  2 hobgoblins
  A quokka (D:1)
  3 frilled lizards (D:1)
  2 kobolds
  3 rats
23 creatures vanquished.

Notes
Turn   | Place    | Note
-------+----------+-------------------------------------------
     0 | D:1      | Cheops the Armataur Earth Elementalist began the quest for
                  | the Orb.
     0 | D:1      | Reached XP level 1. HP: 14/14 MP: 3/3
   203 | D:1      | Reached XP level 2. HP: 21/21 MP: 1/5
   728 | D:2      | Noticed Terence
   728 | D:2      | Found Qeots's Weapon Boutique.
   868 | D:2      | Identified the +0 ring mail "Lofu" {Regen+}
   958 | D:2      | Found a faded altar of an unknown god.
   994 | D:2      | Reached XP level 3. HP: 27/27 MP: 3/6
   997 | D:2      | Learned a level 2 spell: Passwall
  1001 | D:2      | Learned a level 3 spell: Stone Arrow
  1119 | D:3      | Found Beydgh's General Store.
  1223 | D:3      | Noticed a scorpion
  1243 | D:3      | Slain by a scorpion

Illustrated notes

Levels and vault maps discovered:
D:1:      minmay_arrival_radiant_lines, layout_rooms
D:2:      layout_rooms, serial_shops, nicolae_shop_waterfront,
          shapermc_ecumenical_altar_flowoftime, uniq_terence
D:3:      layout_rooms, nicolae_gozag_seed_capital, serial_shops,
          nicolae_shop_competitors_out_of_business,
          nicolae_shop_real_fake_doors, nicolae_shop_tiny_glass, shop, shop,
          mrwooster_statue_mirror, minivault_24

Skill      XL: |  1  2  3 |
---------------+----------+-----
Spellcasting   | 2 |  2.0
Earth Magic    | 3 |  3.4
Stealth        | 3 |  3.0
Dodging        | |  1.3
Transmutations | |  0.8

Action                     || total
---------------------------++-------
  Melee: Dagger            ||    14
         Tailslap          ||     3
   Cast: Sandblast         ||    38
 Armour: Robe              ||    14
  Dodge: Dodged            ||    24
